 Dungeon Sprint DCSS version 0.19.1 (webtiles) character file.

259222 equalderp2856 the Imperceptible (level 10, 48/48 HPs)
             Began as a Felid Fighter on Dec 5, 2016.
             Was an Initiate of Gozag.
             Escaped with the Orb!
             The game lasted 00:36:33 (6784 turns).

equalderp2856 the Imperceptible (Felid Fighter)     Turns: 6784, Time: 00:36:34

Health: 48/48      AC:  2    Str: 13    XL:     10   Next: 35%
Magic:  13/13      EV: 31    Int: 10    God:    Gozag
Gold:   3334       SH:  0    Dex: 18    Spells: 8 memorised, 0 levels left
                                        Lives:  0   Deaths: 2

rFire  . . .     SeeInvis +       - Unarmed
rCold  . . .     Gourm    .     (armour unavailable)
rNeg   . . .     Faith    .     (shield unavailable)
rPois  .         Spirit   .     (helmet unavailable)
rElec  .         Reflect  .     (cloak unavailable)
rCorr  .         Harm     .     (gloves unavailable)
MR     +....     NoTele   +     (boots unavailable)
Stlth  +++.......               (no amulet)
                                (no ring)
                                (no ring)

@: bribing [the Dungeon], quick
A: no armour, no weapons or thrown items, stealth, claws 1, fangs 3, see
invisible, carnivore 3, speed 1, shaggy fur 2, slow metabolism 1, sharp paws
a: Potion Petition, Call Merchant, Bribe Branch, Renounce Religion
0: Orb of Zot


You escaped.
You worshipped Gozag.
Gozag was most pleased with you.
You were not hungry.

You visited 1 branch You collected 8363 gold pieces.
You spent 2029 gold pieces at shops.
You paid 3000 gold pieces to Gozag.

Inventory:

Jewellery
 r - the ring "Quvinimi" {+Fly rPois SInv, unknown}
   (You found it in the Dungeon)

   [ring of flight]

   It protects you from poison.
   It lets you see invisible.
   It lets you fly.
 u - the ring of Jegasyis {*Corrode MR+++ AC+2 Dex-2 SInv, unknown}
   (You found it in the Dungeon)

   [ring of protection]

   It affects your AC (+2).
   It affects your dexterity (-2).
   It affects your resistance to hostile enchantments.
   It lets you see invisible.
   It may corrode you when you take damage.
Wands
 e - a wand of digging (4/24)
 i - a wand of iceblast (5/15)
Scrolls
 b - a scroll of summoning {unknown}
 c - a scroll of enchant armour {unknown}
 h - a scroll of blinking
 j - a scroll of identify {unknown}
Potions
 a - a potion of might
 f - 2 potions of magic
 g - a potion of berserk rage
 o - a potion of mutation {unknown}
 p - a potion of heal wounds
 q - 2 potions of lignification {unknown}
Books
 d - a book of Minor Magic

   Spells                             Type                      Level
   a - Magic Dart                     Conjuration                  1
   b - Blink                          Translocation                2
   c - Call Imp                       Summoning                    2
   d - Repel Missiles                 Charms/Air                   2
   e - Slow                           Hexes                        2
   f - Conjure Flame                  Conjuration/Fire             3
   g - Mephitic Cloud                 Conjuration/Poison/Air       3
 l - a book of Cantrips

   Spells                             Type                      Level
   a - Confusing Touch                Hexes                        1
   b - Animate Skeleton               Necromancy                   1
   c - Summon Small Mammal            Summoning                    1
   d - Apportation                    Translocation                1
 m - a book of Spatial Translocations

   Spells                             Type                      Level
   a - Blink                          Translocation                2
   b - Shroud of Golubria             Charms/Translocation         2
   c - Lesser Beckoning               Translocation                3
   d - Portal Projectile              Translocation                3
   e - Teleport Other                 Translocation                3
   f - Passage of Golubria            Translocation                4
 n - a book of Maledictions

   Spells                             Type                      Level
   a - Corona                         Hexes                        1
   b - Ensorcelled Hibernation        Hexes/Ice                    2
   c - Confuse                        Hexes                        3
   d - Tukima's Dance                 Hexes                        3
   e - Dazzling Spray                 Conjuration/Hexes            3
 s - a book of Alchemy

   Spells                             Type                      Level
   a - Sublimation of Blood           Necromancy                   2
   b - Ignite Poison                  Fire/Transmutation/Poison    3
   c - Petrify                        Transmutation/Earth          4
   d - Alistair's Intoxication        Transmutation/Poison         5
   e - Irradiate                      Conjuration/Transmutation    5
 t - a book of Necromancy

   Spells                             Type                      Level
   a - Pain                           Necromancy                   1
   b - Animate Skeleton               Necromancy                   1
   c - Vampiric Draining              Necromancy                   3
   d - Regeneration                   Charms/Necromancy            3
   e - Animate Dead                   Necromancy                   4
   f - Control Undead                 Necromancy                   4
Miscellaneous
 v - a sack of spiders
Comestibles
 k - 2 beef jerkies


   Skills:
 + Level 8.2 Fighting
 + Level 14.5 Dodging
 * Level 22.2 Stealth
 + Level 19.9 Unarmed Combat
 - Level 1.7 Spellcasting
 * Level 6.0 Translocations
 + Level 0.2 Evocations


You couldn't memorise any spells.
You knew the following spells:

 Your Spells              Type           Power        Failure   Level  Hunger
a - Animate Skeleton      Necr           N/A          38%         1    ##.....
b - Blink                 Tloc           N/A          6%          2    ###....
c - Confusing Touch       Hex            #.....       38%         1    ##.....
d - Repel Missiles        Chrm/Air       #.....       61%         2    ###....
e - Ensorcelled Hibernat  Hex/Ice        #.....       61%         2    ###....
f - Summon Small Mammal   Summ           #...         38%         1    ##.....
g - Call Imp              Summ           #.......     61%         2    ###....
h - Corona                Hex            #......      38%         1    ##.....


Dungeon Overview and Level Annotations

Branches:
Dungeon (1/1)

Altars:
Cheibriados
Dithmenos
Elyvilon
Fedhas
Gozag
Hepliaklqana
Kikubaaqudgha
Makhleb
Nemelex Xobeh
Okawaru
Qazlal
Ru
Sif Muna
Trog
Uskayaw
Vehumet
Xom
Yredelemnul
Zin
The Shining One
Jiyva
Lugonu

Shops:
D %[[::[*}!:=(?[}[*

Annotations:
D Lom Lobon, Tiamat


Innate Abilities, Weirdness & Mutations

You cannot wear armour.
You are incapable of wielding weapons or throwing items.
Your paws allow you to move quietly. (Stealth)
You have sharp claws.
You have razor-sharp teeth.
You have supernaturally acute eyesight. (SInv)
You are carnivorous and can eat meat at any time.
You cover ground quickly.
You are covered in thick fur. (AC +2)
You have a slow metabolism.
Your sharp claws are effective at attacking unaware monsters.


Message History

There is an open door here.
The ynoxinul stares, then turns away, jangling a coin purse.
There is an open door, spattered with blood here.
A rust devil comes into view.
Your rust devil grins greedily, jangling a coin purse.
There is an open door here.
You swap places.
There is an open door here.
There is an open door here.
There is an open door here.
There is an open door here.
There is an open door, spattered with blood here.
Things that are here:
a robe; a dagger
There is an open door here.
There is an open door here.
There is an open door here.
There is a staircase leading out of the dungeon here.
You can't go down here!
You have escaped!

##################
#@.#..').#..[..#__
#..'..#..'[.#.4'..
#..#####'#####'#__
#..####..#...#)###
#..#__####..##.#≈§
#..#_____##+#..'≈§
#⌠⌠#_.∩...+...C#§§
####_..__##_.#'##'
$$#_____###'#.#.§


There were no monsters in sight!

Vanquished Creatures
  A lorocyproca (D)
  A hydra (D)
  2 centaur warriors (D)
  Sonja (D)
  A deep troll (D)
  7 unseen horrors (D)
  A lindwurm (D)
  An oklob plant (D)
  A siren (D)
  A gargoyle (D)
  2 kobold demonologists (D)
  4 demonic crawlers (D)
  A hornet (D)
  A slime creature (D)
  Sigmund (D)
  2 redbacks (D)
  13 hogs (D)
  A yak (D)
  3 floating eyes (D)
  7 necrophages (D)
  An ogre (D)
  8 jellies (D)
  Ijyb (D)
  3 ballistomycetes (D)
65 creatures vanquished.

Vanquished Creatures (collateral kills)
  3 hornets (D)
3 creatures vanquished.

Vanquished Creatures (others)
  the Lernaean hydra (D)
  2 fire giants (D)
  A deep elf annihilator (D)
  A mummy priest (D)
  An oklob plant (D)
  A gargoyle (D)
  A siren (D)
  A hellwing (D)
  A meliai (D)
  A hornet (D)
  A ballistomycete (D)
  2 ballistomycete spores (D)
14 creatures vanquished.

Grand Total: 82 creatures vanquished

Notes
Turn   | Place    | Note
-------+----------+-------------------------------------------
     0 | D        | equalderp2856 the Felid Fighter began the quest for the Orb.
     0 | D        | Reached XP level 1. HP: 10/10 MP: 2/2
     2 | D        | Noticed Ijyb
    16 | D        | Killed Ijyb
    16 | D        | Reached skill level 5 in Dodging
    16 | D        | Reached XP level 2. HP: 11/15 MP: 3/3
    18 | D        | Noticed an ogre
    30 | D        | Killed an ogre
    30 | D        | Reached skill level 4 in Stealth
    30 | D        | Reached XP level 3. HP: 14/18 MP: 4/4
    30 | D        | Reached XP level 4. HP: 17/22 MP: 5/5
   102 | D        | Noticed Sigmund
   116 | D        | Killed Sigmund
   116 | D        | Reached skill level 5 in Fighting
   116 | D        | Reached skill level 6 in Stealth
   116 | D        | Reached XP level 5. HP: 11/26 MP: 6/6
   317 | D        | Found a burning altar of Makhleb.
   317 | D        | Found a viscous altar of Jiyva.
   317 | D        | Found a shimmering altar of Xom.
   317 | D        | Found a corrupted altar of Lugonu.
   317 | D        | Noticed a slime creature
   321 | D        | Killed a slime creature
   321 | D        | Reached skill level 8 in Stealth
   321 | D        | Gained mutation: You are covered in thick fur. (AC +2) [Felid growth]
   321 | D        | Reached XP level 6. HP: 31/31 MP: 7/7
   324 | D        | Found a deep blue altar of Sif Muna.
   326 | D        | Found a radiant altar of Vehumet.
   341 | D        | Found Tiq Iguf's Armour Emporium.
   341 | D        | Found an ancient bone altar of Kikubaaqudgha.
   341 | D        | Found a hazy altar of Hepliaklqana.
   341 | D        | Found a stormy altar of Qazlal.
   341 | D        | Found a hide-covered altar of Uskayaw.
   341 | D        | Found a blossoming altar of Fedhas.
   341 | D        | Found a bloodstained altar of Trog.
   341 | D        | Found an iron altar of Okawaru.
   341 | D        | Found a basalt altar of Yredelemnul.
   341 | D        | Found a glowing golden altar of the Shining One.
   341 | D        | Found a snail-covered altar of Cheibriados.
   341 | D        | Found a sacrificial altar of Ru.
   341 | D        | Found a glowing silver altar of Zin.
   341 | D        | Found a shadowy altar of Dithmenos.
   341 | D        | Found a white marble altar of Elyvilon.
   341 | D        | Noticed a yak
   342 | D        | Found an opulent altar of Gozag.
   346 | D        | Killed a yak
   346 | D        | Reached skill level 9 in Stealth
   346 | D        | Reached XP level 7. HP: 35/35 MP: 8/8
   347 | D        | Found a sparkling altar of Nemelex Xobeh.
   352 | D        | Became a worshipper of Gozag Ym Sagoz the Greedy
   425 | D        | Noticed a kobold demonologist
   426 | D        | Noticed a kobold demonologist
   434 | D        | Killed a kobold demonologist
   434 | D        | Reached skill level 10 in Dodging
   434 | D        | Reached skill level 10 in Stealth
   434 | D        | Reached XP level 8. HP: 40/40 MP: 9/9
   454 | D        | Noticed an orange demon
   464 | D        | Noticed a red devil
   482 | D        | Noticed an orange demon
   486 | D        | Killed a kobold demonologist
   820 | D        | Noticed a centaur warrior
   824 | D        | Noticed a centaur warrior
   835 | D        | Noticed a deep troll
   837 | D        | Killed a deep troll
   837 | D        | Reached skill level 11 in Stealth
   844 | D        | Found Usuen's Armour Emporium.
   859 | D        | Noticed Sonja
   862 | D        | Killed Sonja
   862 | D        | Reached skill level 12 in Stealth
   862 | D        | Reached XP level 9. HP: 43/43 MP: 10/10
   876 | D        | Found Uqeubu's Food Boutique.
   933 | D        | Killed a centaur warrior
   933 | D        | Reached skill level 14 in Stealth
   933 | D        | Reached skill level 15 in Unarmed Combat
   935 | D        | Killed a centaur warrior
   949 | D        | Reached skill level 15 in Stealth
   961 | D        | Noticed an oklob plant
   963 | D        | Killed an oklob plant
   963 | D        | Reached XP level 10. HP: 48/48 MP: 11/11
   972 | D        | Reached skill level 16 in Stealth
  1087 | D        | Noticed an unseen horror
  1088 | D        | Noticed an unseen horror
  1108 | D        | Killed an unseen horror
  1108 | D        | Reached skill level 17 in Stealth
  1131 | D        | Killed an unseen horror
  1144 | D        | Reached skill level 18 in Stealth
  1220 | D        | Found Efamea's Book Shoppe.
  1220 | D        | Found Goextiarr's Antique Armour Shop.
  1220 | D        | Found Nyli's Book Boutique.
  1222 | D        | Found Ijeg's Armour Emporium.
  1222 | D        | Found Nititaro's General Store.
  1222 | D        | Found Zorusaat's Gadget Shoppe.
  1222 | D        | Found Iczakhiq's Distillery.
  1222 | D        | Found Qotrak's Book Emporium.
  1222 | D        | Found Doxeynuk's Jewellery Shop.
  1222 | D        | Found Muklurol's Weapon Shoppe.
  1224 | D        | Found Afrechim's Magic Scroll Boutique.
  1225 | D        | Found Zicwidej's Gadget Emporium.
  1225 | D        | Found Coiheas's Antique Armour Boutique.
  1226 | D        | Found Dazoyf's Assorted Antiques.
  1433 | D        | Bought a book of Minor Magic for 280 gold pieces
  1433 | D        | Bought a book of Cantrips for 280 gold pieces
  1433 | D        | Bought a book of Spatial Translocations for 910 gold pieces
  1434 | D        | Bought a book of Maledictions for 325 gold pieces
  1450 | D        | Killed a gargoyle
  1885 | D        | Reached skill level 19 in Stealth
  2155 | D        | Noticed a lindwurm
  2159 | D        | Killed a lindwurm
  2159 | D        | Reached XP level 11. HP: 51/51 MP: 12/12
  2199 | D        | Reached skill level 20 in Stealth
  2222 | D        | Reached skill level 1 in Spellcasting
  2463 | D        | Learned a level 1 spell: Animate Skeleton
  2466 | D        | Learned a level 2 spell: Blink
  2468 | D        | Learned a level 1 spell: Confusing Touch
  2471 | D        | Learned a level 2 spell: Repel Missiles
  2474 | D        | Learned a level 2 spell: Ensorcelled Hibernation
  2476 | D        | Learned a level 1 spell: Summon Small Mammal
  2479 | D        | Learned a level 2 spell: Call Imp
  2481 | D        | Learned a level 1 spell: Corona
  2610 | D        | Bought a wand of digging (5/24) for 234 gold pieces
  2705 | D        | Noticed a 12-headed hydra
  2707 | D        | Killed a 12-headed hydra
  2758 | D        | Noticed a lorocyproca
  2797 | D        | Killed a lorocyproca
  4124 | D        | Slain by a meliai
  4125 | D        | Reached XP level 10. HP: -4/48 MP: 13/13
  5032 | D        | Noticed a daeva
  5036 | D        | Noticed an unseen horror
  5036 | D        | Noticed an unseen horror
  5036 | D        | Noticed an unseen horror
  5036 | D        | Noticed an unseen horror
  5039 | D        | Killed an unseen horror
  5039 | D        | Reached skill level 21 in Stealth
  5040 | D        | Noticed an unseen horror
  5041 | D        | Killed an unseen horror
  5042 | D        | Killed an unseen horror
  5045 | D        | Killed an unseen horror
  5045 | D        | Reached XP level 11. HP: 51/51 MP: 14/14
  5047 | D        | Killed an unseen horror
  5047 | D        | Reached skill level 5 in Translocations
  5065 | D        | Noticed a fire giant
  5067 | D        | Noticed a fire giant
  5068 | D        | Noticed a fire giant
  5068 | D        | Noticed a fire giant
  5085 | D        | Noticed Tiamat
  5154 | D        | Got a pitted steel ring
  5333 | D        | Noticed a deep elf annihilator
  5337 | D        | Noticed a mummy priest
  5343 | D        | Noticed a sun demon
  5346 | D        | Killed an oklob plant
  5352 | D        | Reached skill level 22 in Stealth
  5613 | D        | Noticed the 27-headed Lernaean hydra
  5633 | D        | HP: 2/51 [the 27-headed Lernaean hydra (17)]
  5633 | D        | Slain by the 27-headed Lernaean hydra
  5634 | D        | Reached XP level 10. HP: -2/48 MP: 12/13
  5729 | D        | Killed a mummy priest
  5827 | D        | Killed the 27-headed Lernaean hydra
  5914 | D        | Noticed Lom Lobon
  5965 | D        | Noticed a deep elf master archer
  5988 | D        | Got a clouded lead ring
  6707 | D        | Got the Orb of Zot
  6751 | D        | Noticed a rust devil
  6784 | D        | Escaped with the Orb!

Skill      XL: |  1  2  3  4  5  6  7  8  9 10 11 |
---------------+----------------------------------+-----
Dodging        | 5 6 8 9 10 12 13 14 | 14.5
Unarmed Combat | 6 7 9 11 12 14 16 17 19 | 19.9
Fighting       | 4 5 6 7 8 |  8.2
Stealth        | 4 6 8 9 10 12 15 21 22 | 22.2
Spellcasting   | 1 |  1.7
Translocations | 6 5 |  6.0
Evocations     | |  0.2

Action                   |  1- 3 |  4- 6 |  7- 9 | 10-12 || total
-------------------------+-------+-------+-------+-------++-------
Melee: Unarmed           |    22 |    13 |    51 |   159 ||   245
       Punch             |     1 |     1 |     2 |    20 ||    24
       Bite              |     1 |       |     3 |    20 ||    24
 Cast: Blink             |       |       |       |    11 ||    11
       Ensorcelled Hiber |       |       |       |     1 ||     1
Invok: Bribe Branch      |       |       |       |     1 ||     1
Evoke: Wand              |       |       |       |     2 ||     2
  Use: Potion            |       |       |     1 |     5 ||     6
 Stab: Sleeping          |       |     2 |     6 |    14 ||    22
       Distracted        |       |       |       |     2 ||     2
  Eat: Meat ration       |       |       |       |     1 ||     1
Armor: Skin              |       |       |     4 |     3 ||     7
Dodge: Dodged            |    17 |     9 |    65 |   156 ||   247
